 Seeded DCSS version 0.29-a0-25-g7f48f510a0 (webtiles) character file.

Game seed: 10000000000011 (custom seed)

275 knot the Chopper (level 6, -2/47 HPs)
             Began as a Demonspawn Berserker on Jan 31, 2022.
             Was a Believer of Trog.
             Killed from afar by Dowan (10 damage)
             ... with a shard of ice
             ... on level 4 of the Dungeon.
             The game lasted 00:02:46 (3422 turns).

knot the Chopper (Demonspawn Berserker)             Turns: 3422, Time: 00:02:47

Health: -2/47      AC:  2    Str: 17    XL:     6   Next: 3%
Magic:  6/6        EV: 12    Int: 10    God:    Trog [**....]
Gold:   119        SH:  0    Dex: 13    Spells: 5/5 levels left

rFire   . . .      SeeInvis .   a - +0 hand axe
rCold   . . .      Faith    .   (no shield)
rNeg    . . .      Spirit   .   b - +0 animal skin
rPois   .          Reflect  +   (no helmet)
rElec   .          Harm     .   (no cloak)
rCorr   .          Rampage  .   (no gloves)
Will    .....                   (no boots)
Stlth   +.........              d - amulet of reflection
HPRegen 0.15/turn               (no ring)
MPRegen 0.20/turn               (no ring)

@: confused, on berserk cooldown, slowed, very slow
A: magic regeneration, demonic touch 2
a: Renounce Religion, Berserk, Trog's Hand


You were on level 4 of the Dungeon.
You worshipped Trog.
Trog was pleased with you.
You visited 1 branch of the dungeon, and saw 4 of its levels.

You collected 119 gold pieces.

Inventory:

Hand Weapons
 a - a +0 hand axe (weapon)
Missiles
 f - 71 stones (quivered)
 k - 2 poisoned darts
 p - 4 boomerangs
Armour
 b - a +0 animal skin (worn)
Jewellery
 d - an amulet of reflection (around neck)
Wands
 o - a wand of polymorph (7)
Scrolls
 c - a scroll of amnesia {unknown}
 h - 2 scrolls of identify {unknown}
 m - 2 scrolls of blinking {unknown}
 n - a scroll of fog {unknown}
Potions
 e - a potion of curing {unknown}
 g - a potion of lignification {unknown}
 i - a potion of might {unknown}
 j - a potion of heal wounds {unknown}
 l - a potion of magic {unknown}


   Skills:
 - Level 3.0 Fighting
 * Level 5.4 Axes
 * Level 2.5 Throwing
 - Level 1.7 Armour
 - Level 1.7 Dodging


You had 5 spell levels left.
You didn't know any spells.
Your spell library contained the following spells:

 Spells                   Type           Power      Damage    Failure   Level
 Corpse Rot               Necr/Air       0%         N/A       50%         2
 Ensorcelled Hibernation  Hex/Ice        0%         N/A       50%         2
 Passwall                 Tmut/Erth      0%         N/A       50%         2
 Poisonous Vapours        Pois/Air       0%         N/A       50%         2
 Swiftness                Air            0%         N/A       75%         3


Dungeon Overview and Level Annotations

Branches:
Dungeon (4/15)             Temple (0/1) D:4

Altars:

Shops:
D:3 [

Annotations:
D:4 Dowan, Ijyb


Innate Abilities, Weirdness & Mutations

You regenerate magic rapidly.
Your touch may inflict irresistible damage on your foes.


Message History

Duvessa is moderately wounded.
You slash Duvessa!
You touch Duvessa.
You kill Duvessa!
Trog accepts your kill.
You hear a distant wail of despair.
Duvessa returns to her original shape as she dies.
You have reached level 6!
Your demonic ancestry asserts itself...
Your hands glow brighter with unholy energy.
Dowan seems to find hidden reserves of power!
Things that are here:
a +0 club; a goblin corpse You feel a strong urge to attack something.
You are no longer berserk.
You are exhausted.
You feel yourself slow down.
Dowan zaps a wand.
The puff of flame misses you.
Dowan zaps a wand.
The puff of flame reflects off an invisible shield around you!
The puff of flame hits Dowan.
Dowan resists.
Dowan casts a spell.
Dowan blinks!
Dowan hits you with a +0 dagger.
Dowan zaps a wand.
The puff of flame hits you!
Ijyb zaps a wand.
Your will is overpowered!
You are confused.
There is an open door, spattered with blood here.
You bump into the translucent rock wall.
Dowan closely misses you. Dowan hits you with a +0 dagger.
Unknown command.
You bump into the translucent rock wall.
Dowan zaps a wand.
The puff of flame hits you! Dowan closely misses you.
You bump into the translucent rock wall.
Dowan gestures at you while chanting. The shard of ice hits you!
* * * LOW HITPOINT WARNING * * *
Dowan casts a spell.
Dowan blinks!
Ijyb hits you with a +0 club.
* * * LOW HITPOINT WARNING * * *
Dowan points at you and mumbles some strange words.
The shard of ice hits you!
You die...

.. ...... ##
###g..... #.
##.)...§.. #. ##..#
#. #.)## .. ###.###
#.###.... ###+###
#........ #
#.####⌠.⌠####.####$..
# ....+.>§@g...# #
##⌠.⌠###### # ###e###
## ###.### .## #.#
..####### #.#
........######.#
#..####.....#..#.###
##.# ##.##...........


You could see Ijyb and Dowan (fast).

Vanquished Creatures
  An ogre (D:3)
  A scorpion (D:4)
  A centaur skeleton (D:4)
  A river rat (D:4)
  4 adders
  6 endoplasms
  A giant cockroach (D:1)
  4 goblins
  4 hobgoblins
  14 jackals
  A ball python (D:2)
  7 bats
  5 frilled lizards
  3 kobolds
  5 rats
58 creatures vanquished.

Notes
Turn   | Place    | Note
-------+----------+-------------------------------------------
     0 | D:1      | knot the Demonspawn Berserker began the quest for the Orb.
     0 | D:1      | Reached XP level 1. HP: 18/18 MP: 1/1
   193 | D:1      | Reached skill level 3 in Axes
   261 | D:1      | Gained mutation: You regenerate magic rapidly. [demonic
                  | ancestry]
   261 | D:1      | Reached XP level 2. HP: 19/24 MP: 2/2
  1251 | D:2      | Reached skill level 4 in Axes
  1251 | D:2      | Gained mutation: Your touch may inflict minor irresistible
                  | damage on your foes. [demonic ancestry]
  1251 | D:2      | Reached XP level 3. HP: 29/29 MP: 3/3
  1879 | D:2      | Reached ** piety under Trog
  1886 | D:2      | Reached XP level 4. HP: 28/35 MP: 4/4
  2421 | D:3      | Noticed an ogre
  2432 | D:3      | Killed an ogre
  2433 | D:3      | Reached skill level 5 in Axes
  2433 | D:3      | Reached skill level 1 in Throwing
  2433 | D:3      | Reached XP level 5. HP: 41/41 MP: 5/5
  2597 | D:3      | Found Daocsar's Antique Armour Emporium.
  3320 | D:4      | Found a staircase to the Ecumenical Temple.
  3403 | D:4      | Noticed Duvessa
  3404 | D:4      | Noticed Dowan
  3405 | D:4      | Noticed Duvessa
  3405 | D:4      | Duvessa changed into Duvessa the river rat
  3406 | D:4      | Noticed Ijyb
  3411 | D:4      | Killed Duvessa the river rat
  3412 | D:4      | Gained mutation: Your touch may inflict irresistible damage
                  | on your foes. [demonic ancestry]
  3412 | D:4      | Reached XP level 6. HP: 47/47 MP: 6/6
  3422 | D:4      | Killed from afar by Dowan

Illustrated notes

Levels and vault maps discovered:
D:1:      lordsloth_arrival_two_stooges, layout_basic, grunt_decor_fettered,
          minmay_misc_feat_diagonals, nicolae_concentric_dashed_squares_wild
D:2:      layout_rooms, hangedman_decor_clover_reticule
D:3:      layout_basic, serial_shops, shop, kennysheep_path_1
D:4:      layout_rooms, temple_doors_e, uniq_duvessa, uniq_ijyb

Skill      XL: |  1  2  3  4  5 |
---------------+----------------+-----
Axes           | 3 4 5 |  5.4
Throwing       | 1 2 |  2.5
Fighting       | |  3.0
Armour         | |  1.7
Dodging        | |  1.7

Action                   |  1- 3 |  4- 6 || total
-------------------------+-------+-------++-------
Melee: Hand axe          |   107 |    54 ||   161
       Touch             |     6 |     8 ||    14
       Punch             |     1 |       ||     1
Throw: Stone             |     2 |     3 ||     5
       Dart              |       |     2 ||     2
Invok: Berserk           |     3 |     3 ||     6
       Trog's Hand       |       |     1 ||     1
Evoke: Wand              |       |     1 ||     1
Armor: Animal skin       |    17 |     8 ||    25
Dodge: Dodged            |    61 |    33 ||    94
Block: Other             |    24 |     7 ||    31
       Reflection        |       |     2 ||     2

Table legend: (Time is in decaauts)
 A = Elapsed time spent in this place.
 B = Non-inter-level travel time spent in this place.
 C = Inter-level travel time spent in this place.
 D = Time resting spent in this place.
 E = Time spent auto-exploring this place.
 F = Levels seen in this place.
 G = Mean time per level.
                   A        B        C        D        E       F      G
               +--------+--------+--------+--------+--------+-----+--------+
         Total |   3481 |   3439 |     42 |   1138 |   1908 |   4 |  870.2 |
       Dungeon |   3481 |   3439 |     42 |   1138 |   1908 |   4 |  870.2 |
               +--------+--------+--------+--------+--------+-----+--------+

Top non-repeatable levels by time:
     D:1: 1256 daAuts
     D:2: 1075 daAuts
     D:3: 625 daAuts
     D:4: 523 daAuts
